 Dungeon Crawl Stone Soup version 0.29.1-14-g9c671dbff4 (webtiles) character file.

Game seed: 6685648864672432969

5558 protoss039 the Trooper (level 10, 79/79 HPs)
             Began as a Demonspawn Earth Elementalist on Feb 19, 2023.
             Was an Initiate of Vehumet.
             Got out of the dungeon alive.
             The game lasted 00:17:10 (12069 turns).

protoss039 the Trooper (DsEE)                      Turns: 12069, Time: 00:17:11

Health: 79/79      AC:  7    Str:  9    XL:     10   Next: 44%
Magic:  29/29      EV: 10    Int: 21    God:    Vehumet [......]
Gold:   171        SH:  8    Dex: 13    Spells: 14/23 levels left

rFire   . . .      SeeInvis .   d - +1 dagger (venom)
rCold   . . .      Faith    .   m - +0 kite shield
rNeg    . . .      Spirit   .   a - +0 robe
rPois   .          Reflect  .   y - +0 helmet
rElec   .          Harm     .   (no cloak)
rCorr   .          Rampage  .   s - +1 pair of gloves
Will    .....                   (no boots)
Stlth   ++........              (no amulet)
HPRegen 0.23/turn               D - ring of magical power
MPRegen 0.21/turn               f - ring of wizardry

@: no status effects
A: claws 2, yellow scales 1, ignite blood 1, demonic magic 3
a: Renounce Religion


You escaped.
You worshipped Vehumet.
Vehumet was noncommittal.
You visited 2 branches of the dungeon, and saw 9 of its levels.
You also visited: Ossuary.

You collected 451 gold pieces.
You spent 280 gold pieces at shops.

Inventory:

Hand Weapons
 d - a +1 dagger of venom (weapon)
 u - a +0 spear of freezing
 M - a +3 flail of draining
Missiles
 L - a throwing net
Armour
 a - a +0 robe (worn)
 m - a +0 kite shield (worn)
 s - a +1 pair of gloves (worn)
 y - a +0 helmet (worn)
 P - a +0 buckler
Magical Staves
 o - a staff of air
Jewellery
 f - a ring of wizardry (right hand)
 r - a ring of poison resistance
 z - a ring of positive energy
 D - a ring of magical power (left hand)
Wands
 t - a wand of flame (30)
 G - a wand of mindburst (28)
 K - a wand of charming (6)
 O - a wand of quicksilver (9)
Scrolls
 c - a scroll of enchant armour {unknown}
 e - 2 scrolls of vulnerability {unknown}
 i - 3 scrolls of identify
 j - a scroll of summoning {unknown}
 k - 2 scrolls of fear
 l - 5 scrolls of teleportation
 p - a scroll of fog {unknown}
 q - a scroll of immolation {unknown}
 v - 2 scrolls of poison
 A - 2 scrolls of magic mapping {unknown}
 B - a scroll of acquirement {unknown}
 E - 4 scrolls of enchant weapon
 N - 2 scrolls of amnesia {unknown}
Potions
 b - a potion of magic
 g - 2 potions of invisibility
 h - 2 potions of flight
 n - a potion of cancellation {unknown}
 w - a potion of attraction {unknown}
 x - 2 potions of resistance {unknown}
 C - 4 potions of heal wounds {unknown}
 F - 2 potions of mutation {unknown}
 H - a potion of lignification {unknown}
 I - 2 potions of haste {unknown}
 J - 3 potions of might {unknown}


   Skills:
 + Level 7.1 Fighting
 + Level 2.7 Armour
 - Level 1.7 Dodging
 - Level 1.7 Stealth
 + Level 2.7 Shields
 + Level 7.0 Spellcasting
 + Level 6.7 Conjurations
 - Level 1.0 Transmutations
 * Level 2.4 Air Magic
 + Level 7.1 Earth Magic
 * Level 2.6 Poison Magic


You had 14 spell levels left.
You knew the following spells:

 Your Spells              Type           Power      Damage    Failure   Level
a - Sandblast             Erth           74%        2d16      1%          1
b - Passwall              Tmut/Erth      20%        N/A       3%          2
c - Stone Arrow           Conj/Erth      72%        3d11      1%          3
d - Mephitic Cloud        Conj/Pois/Air  23%        N/A       7%          3

Your spell library contained the following spells:

 Spells                   Type           Power      Damage    Failure   Level
 Apportation              Tloc           14%        N/A       12%         1
 Necrotise                Necr           28%        1d5       12%         1
 Slow                     Hex            28%        N/A       12%         1
 Summon Small Mammal      Summ           28%        N/A       12%         1
 Ignite Poison            Fire/Tmut/Pois 12%        N/A       21%         3
 Petrify                  Tmut/Erth      24%        N/A       21%         4
 Confusing Touch          Hex            7%         N/A       32%         3
 Vampiric Draining        Necr           7%         2d6       32%         3
 Freezing Cloud           Conj/Ice/Air   10%        6-21      63%         5
 Anguish                  Hex/Necr       3%         N/A       69%         4
 Enfeeble                 Hex            3%         N/A       100%        7


Dungeon Overview and Level Annotations

Branches:
Dungeon (8/15) Zot: 25316  Temple (1/1) D:7 Zot: 5803 Ossuary (visited)
   Lair: D:8-11

Altars:
Ashenzari
Cheibriados
Dithmenos
Fedhas
Gozag
Hepliaklqana
Kikubaaqudgha
Makhleb
Nemelex Xobeh
Okawaru
Qazlal
Ru
Sif Muna
Trog
Uskayaw
Vehumet
Wu Jian
Xom

Shops:
D:8 :

Annotations:
D:2 1 exclusion
D:3 3 runed translucent doors, Discosetron's ghost, amateur FoHu; Manslay's ghost, amateur OpCj; NimIero's ghost, amateur BaIE; emiel's ghost, amateur NaFi; jombi's ghost, amateur DrTm


Innate Abilities, Weirdness & Mutations

You have very sharp fingernails.
You are partially covered in yellow scales. (AC +2)
Your demonic aura sometimes causes spilled blood to erupt in flames.
Spells you cast and wands you use may paralyse nearby enemies.


Message History

You start putting on your armour.
You continue putting on your +0 kite shield. x5
You finish putting on your +0 kite shield.
Unknown command.
Okay, then.
(D) Dungeon (T) Temple
Where to? (Enter - D:8 @ (x,y), ? - help)
What level of the Dungeon? (default 1, ? - help)
There is a stone staircase leading up here.
You climb upwards.
There is a stone staircase leading down here.
There is a stone staircase leading up here.
You climb upwards.
There is a stone staircase leading down here.
You open the door.
There is an open door here.
There is an escape hatch in the ceiling here.
A mysterious force pulls you upwards. The hatch slams shut behind you.
There is a stone staircase leading up here.
You climb upwards.
There is a stone staircase leading down here.
There is a stone staircase leading up here.
You climb upwards.
Level annotation: 3 runed translucent doors, Discosetron's ghost, amateur FoHu; Manslay's ghost, amateur OpCj; NimIero's ghost, amateur BaIE; emiel's ghost, amateur NaFi; jombi's ghost, amateur DrTm
There is a stone staircase leading down here.
You enter the shallow water.
Moving in this stuff is going to be slow.
You see here a +0 robe.
There is a stone staircase leading up here.
You climb upwards.
Level annotation: 1 exclusion
There is a stone staircase leading down here.
There is an open door here.
There is a stone staircase leading up here.
You climb upwards.
There is a stone staircase leading down here.
There is an open door here.
There is a staircase leading out of the dungeon here.
Are you sure you want to leave the Dungeon?
This will make you lose the game!
You have escaped!

#...# #....#
#............
###.####....#
#...######... #...##....#
#.>.#........ ###.##....#
#.....######.
#.##.######...### #. ###
#.##.#.8#.####### ##
#.###.####..........#
#..##.# #...8..8..8#####
##..#.# #@.........'...#
##.#.# #...8..8..8###.###
#...####..........#......
#......#.8#.#######...###
##.....######..#....#####
#.........# #....##....##
#...^...>.# #...######...
#.........# #...# ###.
#.........# #...# ##


There were no monsters in sight!

Vanquished Creatures
  A two-headed ogre (D:8)
  Prince Ribbit (D:5)
  Sigmund (D:5)
  10 yaks
  A wyvern (D:8)
  Menkaure (D:6)
  Edmund (D:5)
  2 water moccasins
  2 ice beasts
  An orc warrior (D:7)
  3 ogres
  A kobold brigand (D:7)
  A gnoll sergeant (D:6)
  4 bullfrogs
  Blork the orc (D:5)
  2 scorpions
  2 elf zombies (Ossuary)
  8 wights
  2 electric eels (D:8)
  A howler monkey (D:8)
  2 hounds (D:6)
  3 orc priests
  3 iguanas (D:5)
  An iron imp (D:5)
  9 orc wizards
  2 mummies (Ossuary)
  6 adders
  11 gnolls
  A shadow imp (D:7)
  2 white imps
  2 worms (D:4)
  17 dart slugs
  23 orcs
  5 ball pythons
  6 bats
  4 endoplasms
  2 giant cockroaches
  3 goblins
  6 hobgoblins
  3 jackals (D:3)
  2 quokkas
  A frilled lizard (D:2)
  A goblin zombie (Ossuary)
  10 hobgoblin zombies (Ossuary)
  3 jackal zombies (Ossuary)
  13 kobolds
  7 kobold zombies (Ossuary)
  11 orc zombies (Ossuary)
  6 rats
  3 rat zombies (Ossuary)
214 creatures vanquished.

Vanquished Creatures (others)
  An orc wizard (D:7)
  A bat (D:3)
  13 plants (D:8)
15 creatures vanquished.

Grand Total: 229 creatures vanquished

Notes
Turn   | Place    | Note
-------+----------+-------------------------------------------
     0 | D:1      | protoss039 the Demonspawn Earth Elementalist began the
                  | quest for the Orb.
     0 | D:1      | Reached XP level 1. HP: 13/13 MP: 3/3
   228 | D:1      | Gained mutation: You are partially covered in yellow
                  | scales. (AC +2) [demonic ancestry]
   228 | D:1      | Reached XP level 2. HP: 7/20 MP: 0/5
   534 | D:1      | Reached skill level 1 in Fighting
  1120 | D:1      | Learned a level 2 spell: Passwall
  1160 | D:2      | Gained mutation: You have sharp fingernails. [demonic
                  | ancestry]
  1160 | D:2      | Reached XP level 3. HP: 26/26 MP: 3/6
  1343 | D:2      | Found a faded altar of an unknown god.
  2471 | D:2      | Learned a level 3 spell: Stone Arrow
  3008 | D:3      | Gained mutation: Spells you cast may paralyse adjacent
                  | enemies. [demonic ancestry]
  3008 | D:3      | Reached XP level 4. HP: 28/33 MP: 8/8
  3300 | D:3      | Reached skill level 1 in Conjurations
  3551 | D:3      | Found a runed translucent gate.
  3552 | D:3      | Found a runed translucent gate.
  3552 | D:3      | Found a runed translucent gate.
  3553 | D:3      | Noticed emiel's ghost (amateur NaFi)
  3553 | D:3      | Noticed NimIero's ghost (amateur BaIE)
  3553 | D:3      | Noticed jombi's ghost (amateur DrTm)
  3553 | D:3      | Noticed Manslay's ghost (amateur OpCj)
  3553 | D:3      | Noticed Discosetron's ghost (amateur FoHu)
  4070 | D:4      | Found a burning altar of Makhleb.
  4133 | D:4      | Noticed an ogre
  4140 | D:4      | Killed an ogre
  4141 | D:4      | Gained mutation: You have very sharp fingernails. [demonic
                  | ancestry]
  4141 | D:4      | Reached XP level 5. HP: 37/39 MP: 9/9
  4381 | D:4      | Gained mutation: Spells you cast may paralyse nearby
                  | enemies. [demonic ancestry]
  4381 | D:4      | Reached XP level 6. HP: 46/46 MP: 11/11
  4867 | D:5      | Entered Level 5 of the Dungeon
  4903 | D:5      | Noticed Prince Ribbit
  4912 | D:5      | Killed Prince Ribbit
  4913 | D:5      | Reached XP level 7. HP: 51/52 MP: 13/13
  5128 | D:5      | Found a sand-covered staircase.
  5133 | Ossuary  | Entered an ossuary
  5807 | D:5      | Noticed Blork the orc
  5835 | D:5      | Killed Blork the orc
  5838 | D:5      | Reached skill level 5 in Earth Magic
  6326 | D:5      | Noticed Sigmund
  6333 | D:5      | Killed Sigmund
  6334 | D:5      | Reached XP level 8. HP: 61/61 MP: 15/15
  6413 | D:5      | Noticed Edmund
  6426 | D:5      | Killed Edmund
  6427 | D:5      | Reached skill level 5 in Spellcasting
  6989 | D:5      | Found a snail-covered altar of Cheibriados.
  7073 | D:6      | Reached skill level 5 in Fighting
  7680 | D:6      | Noticed Menkaure
  7681 | D:6      | Reached skill level 5 in Conjurations
  8351 | D:6      | Found an iron altar of Okawaru.
  8404 | D:6      | Killed Menkaure
  8405 | D:6      | Gained mutation: Spells you cast and wands you use may
                  | paralyse nearby enemies. [demonic ancestry]
  8405 | D:6      | Reached XP level 9. HP: 59/69 MP: 17/17
  8925 | D:6      | HP: 2/69 [yak (12)]
  9292 | D:7      | Reached skill level 1 in Transmutations
  9555 | D:7      | Reached skill level 1 in Armour
  9566 | D:7      | Reached skill level 1 in Shields
  9848 | D:7      | Found a staircase to the Ecumenical Temple.
  9902 | Temple   | Entered the Ecumenical Temple
 10075 | Temple   | Became a worshipper of Vehumet
 10347 | D:7      | Found a shadowy altar of Dithmenos.
 10347 | D:7      | Found a hazy altar of Hepliaklqana.
 10471 | D:8      | Found Ygry's Book Emporium.
 10481 | D:8      | Noticed a two-headed ogre
 10559 | D:8      | Bought a Trismegistus Codex for 280 gold pieces
 10821 | D:7      | Learned a level 3 spell: Mephitic Cloud
 10924 | D:8      | Gained mutation: Your demonic aura sometimes causes spilled
                  | blood to erupt in flames. [demonic ancestry]
 10924 | D:8      | Reached XP level 10. HP: 45/77 MP: 20/20
 10932 | D:8      | Reached skill level 1 in Poison Magic
 10934 | D:8      | Reached skill level 1 in Air Magic
 11223 | D:8      | Found an ornate altar of the Wu Jian Council.
 11237 | D:8      | Killed a two-headed ogre
 11854 | D:8      | Found a hide-covered altar of Uskayaw.
 12069 | D:$      | Got out of the dungeon alive.

Illustrated notes

Levels and vault maps discovered:
D:1:      elethiomel_arrival_quiet, layout_rooms, minmay_tetromino_s4
D:2:      layout_basic, serial_co_window_serial, co_window_paths_a,
          co_window_paths_a, co_window_paths_a, co_window_cross_1,
          co_window_paths_a, co_window_of_opportunity_a, co_window_paths_a,
          co_window_2corner, co_window_corner_ca, co_window_broadway_b,
          co_window_of_opportunity_b, co_window_4corner_a,
          ebering_ecumenical_altar_sacrificial
D:3:      kennysheep_slugbush, layout_basic, gammafunk_ghost_cemetery,
          chequers_decorated_corner
D:4:      layout_loops_ring, kennysheep_mini_moat,
          chequers_serial_rivers_large_a, minmay_misc_feat_ornament
D:5:      layout_basic, chei_slow_surprise, enter_ossuary_5,
          uniq_prince_ribbit1, uniq_edmund, uniq_sigmund, uniq_blork_the_orc
D:6:      layout_basic, mainiacjoe_overflow_small_starburst,
          hangedman_decor_lopped, hangedman_decor_points, uniq_menkaure
D:7:      layout_loops_ring, riverfiend_overflow_shadow_ancestor,
          minmay_temple_entry_hall, hangedman_decor_riveting
D:8:      layout_cave_pools, mainiacjoe_overflow_large_starburst, serial_shops,
          shop, serial_bayou_ford_a
Temple:   nicolae_temple_bog_church

Skill      XL: |  1  2  3  4  5  6  7  8  9 10 |
---------------+-------------------------------+-----
Fighting       | 1 2 3 4 5 6 7 |  7.1
Earth Magic    | 3 4 5 6 7 |  7.1
Spellcasting   | 3 4 5 6 7 |  7.0
Conjurations   | 1 2 4 5 6 |  6.7
Transmutations | 1 |  1.0
Armour         | 2 |  2.7
Shields        | 2 |  2.7
Poison Magic   | 2 |  2.6
Air Magic      | 2 |  2.4
Dodging        | |  1.7
Stealth        | |  1.7

Action                   |  1- 3 |  4- 6 |  7- 9 | 10-12 || total
-------------------------+-------+-------+-------+-------++-------
Melee: Dagger            |    36 |       |     9 |     1 ||    46
       Punch             |     1 |       |     3 |       ||     4
       Spear             |    41 |    58 |   185 |       ||   284
       Halberd           |       |       |    36 |       ||    36
       Flail             |       |       |    18 |       ||    18
 Cast: Sandblast         |    39 |    64 |   168 |     4 ||   275
       Passwall          |       |     1 |       |       ||     1
       Stone Arrow       |       |       |    10 |    10 ||    20
       Mephitic Cloud    |       |       |       |     1 ||     1
  Use: Scroll            |     5 |     1 |     5 |     2 ||    13
       Potion            |       |       |     5 |       ||     5
 Stab: Sleeping          |     2 |     5 |     1 |       ||     8
       Paralysed         |       |    13 |    53 |     1 ||    67
Armor: Robe              |    29 |    17 |    93 |       ||   139
Dodge: Dodged            |    66 |    27 |   167 |     2 ||   262
Block: Kite shield       |       |       |    27 |     1 ||    28
